[Event "Titled Tuesday Blitz January 03 Late 2023"]
[White "Mendez Fortes, Eduardo Jesus"]
[Black "Rozman, Levy"]
[WhiteFideId "3502376"]
[BlackFideId "2039877"]
[WhiteElo "2250"]
[BlackElo "2322"]
[Result "0-1"]
[Round "11"]
[TimeControl "180+2"]
[Date "2023.01.03"]
[WhiteClock "0:00:11"]
[BlackClock "0:00:13"]

1. e4 e6 2. d4 d5 3. Nd2 dxe4 4. Nxe4 Nf6 5. Nxf6+ gxf6 6. Nf3 Nc6 7. c3 b6 8. Bd3 Bb7 9. Qe2 Qd7 10. Be4 O-O-O 11. Bf4 Rg8 12. Bg3 f5 13. Bc2 Bd6 14. O-O-O f4 15. Bh4 Rde8 16. Rhg1 h6 17. Bh7 Rg7 18. Bd3 Be7 19. Bxe7 Qxe7 20. Be4 f6 21. Qb5 a6 22. Qe2 Kb8 23. Nd2 e5 24. Bxc6 Bxc6 25. dxe5 fxe5 26. f3 Qe6 27. Kb1 Reg8 28. Qxa6 Rxg2 29. Rxg2 Rxg2 30. Kc1 Bb7 31. Qa3 Qf5 32. Qe7 Bxf3 33. Qd8+ Kb7 34. Re1 Bc6 35. Qe7 f3 36. Rxe5 Rg1+ 37. Re1 Qg5 38. Qe3 Qxe3 0-1


[Site "https://www.chess.com"]

[Event "Titled Tuesday Blitz January 03 Late 2023"]
[White "Cristobal, Manuel"]
[Black "Martinez, Marcel"]
[WhiteFideId "112879"]
[BlackFideId "2016249"]
[WhiteElo "2257"]
[BlackElo "2402"]
[Result "1-0"]
[Round "11"]
[TimeControl "180+2"]
[Date "2023.01.03"]
[WhiteClock "0:01:01"]
[BlackClock "0:00:19"]

1. d4 Nf6 2. Nf3 e6 3. e3 d5 4. Bd3 c5 5. O-O Nc6 6. b3 cxd4 7. exd4 Bd6 8. Bb2 Qc7 9. a3 Bd7 10. Re1 h6 11. Nbd2 Ng4 12. h3 Nf6 13. Ne5 Ne7 14. c4 O-O 15. Rc1 Qd8 16. c5 Bc7 17. b4 Ne8 18. Rc3 f5 19. Nxd7 Qxd7 20. Nf3 Nf6 21. Ne5 Bxe5 22. dxe5 Ne8 23. Bc1 a6 24. Qh5 f4 25. Qg4 d4 26. Rc2 g5 27. Qh5 Kg7 28. h4 Nf5 29. hxg5 hxg5 30. Qxg5+ Kh8 31. Bxf4 Qh7 32. Bxf5 Rxf5 33. Qh6 Rxf4 34. Qxf4 Qxc2 35. Qh6+ Qh7 36. Qxe6 Ng7 37. Qd7 d3 38. Re3 Qf5 39. Rh3+ Kg8 40. Qd5+ Qf7 41. Qxd3 Re8 42. Qh7+ Kf8 43. Rf3 1-0


[Site "https://www.chess.com"]

[Event "Titled Tuesday Blitz January 03 Late 2023"]
[White "Bilan, Danila"]
[Black "Goryachkina, Aleksandra"]
[WhiteFideId "24161918"]
[BlackFideId "4147103"]
[WhiteElo "2303"]
[BlackElo "2571"]
[Result "0-1"]
[Round "11"]
[TimeControl "180+2"]
[Date "2023.01.03"]
[WhiteClock "0:00:05"]
[BlackClock "0:00:02"]

1. d4 Nf6 2. Nf3 d5 3. c4 e6 4. Nc3 Nbd7 5. cxd5 exd5 6. Bg5 c6 7. e3 Be7 8. Bd3 Ne4 9. Bf4 Ndf6 10. O-O O-O 11. Qc2 Bd6 12. Bxd6 Nxd6 13. Ne5 g6 14. b4 a6 15. a4 Bd7 16. Rab1 Rc8 17. a5 Bf5 18. Na4 Re8 19. Nc5 Rc7 20. Rbd1 Bxd3 21. Qxd3 Qe7 22. f3 Nc4 23. f4 Nb2 24. Qe2 Nxd1 25. Qxd1 Ne4 26. Nxe4 dxe4 27. Qb3 Kg7 28. f5 f6 29. fxg6 hxg6 30. Ng4 Qe6 31. Qd1 Rf7 32. Nf2 Rh8 33. Qc2 f5 34. Nh3 Qd6 35. Qc3 Rf6 36. Nf4 g5 37. Nh3 Kg6 38. Qc5 Qd5 39. Qxd5 cxd5 40. Rc1 Rc6 41. Rc5 Rxc5 42. bxc5 Kf6 43. Kf2 Rh5 44. Kg3 Ke6 45. Nf2 f4+ 46. exf4 gxf4+ 47. Kxf4 Rxh2 48. Kg3 Rh8 49. Kf4 Rf8+ 50. Ke3 Kd7 51. Nh3 Kc6 52. Nf4 Rg8 53. Kf2 Kb5 54. Nxd5 Rd8 55. Nf6 Rxd4 56. Ke3 Kxc5 57. Nxe4+ Kc4 58. g4 Rd3+ 59. Kf4 Rd1 60. g5 Rg1 61. Ng3 Rd1 62. g6 Rd8 63. Nf5 Kb4 64. Nh6 Kxa5 65. g7 Kb4 66. Ng4 a5 67. Ne5 a4 68. Nd7 Rg8 69. Nb6 a3 70. Nd5+ Kb3 71. Nc3 Kxc3 0-1


[Site "https://www.chess.com"]

[Event "Titled Tuesday Blitz January 03 Late 2023"]
[White "Rangel, Daniel"]
[Black "Maksimovic, Bojan"]
[WhiteFideId "2124475"]
[BlackFideId "14408120"]
[WhiteElo "2207"]
[BlackElo "2486"]
[Result "1-0"]
[Round "11"]
[TimeControl "180+2"]
[Date "2023.01.03"]
[WhiteClock "0:00:10"]
[BlackClock "0:00:01"]

1. c4 g6 2. g3 Bg7 3. Bg2 Nf6 4. Nc3 d6 5. e3 e5 6. Nge2 O-O 7. O-O Nbd7 8. b4 Re8 9. b5 e4 10. Bb2 Nc5 11. Nf4 Bf5 12. Qb1 c6 13. a4 a5 14. h4 Nb3 15. Qa2 Nxa1 16. Bxa1 h5 17. Nce2 Qd7 18. Nd4 Bg4 19. Rb1 c5 20. Nde2 Bf3 21. Bh3 Ng4 22. Bxg7 Kxg7 23. Qb2+ Re5 24. Nc3 Rb8 25. Ncd5 b6 26. d3 Qd8 27. d4 cxd4 28. Qxd4 Kg8 29. Rb2 Qc8 30. Nxb6 Qc5 31. Nd7 Qa3 32. Rb1 Rc8 33. Nd5 Rc5 34. Nxc5 dxc5 35. Qa1 Qd3 36. b6 1-0


[Site "https://www.chess.com"]

[Event "Titled Tuesday Blitz January 03 Late 2023"]
[White "Dourerassou, Jonathan"]
[Black "Altman, Joshua"]
[WhiteFideId "628050"]
[BlackFideId "426210"]
[WhiteElo "2414"]
[BlackElo "2120"]
[Result "1-0"]
[Round "11"]
[TimeControl "180+2"]
[Date "2023.01.03"]
[WhiteClock "0:02:08"]
[BlackClock "0:01:07"]

1. d4 Nf6 2. Bg5 e6 3. e4 h6 4. Bxf6 Qxf6 5. Nc3 b6 6. Nf3 Bb7 7. Bd3 c5 8. d5 a6 9. Qe2 d6 10. dxe6 fxe6 11. e5 Bxf3 12. exf6 Bxe2 13. fxg7 Bxg7 14. Bxe2 Nc6 15. Bh5+ Kd7 16. O-O-O Nd4 17. Rhe1 Rhf8 18. f3 b5 19. Ne4 Be5 20. Nxc5+ Kc6 21. Nd3 Bxh2 22. c3 Nf5 23. Rxe6 Rae8 24. Bxe8+ 1-0


[Site "https://www.chess.com"]

[Event "Titled Tuesday Blitz January 03 Late 2023"]
[White "Domingo Nunez, Alejandro"]
[Black "Cruz Mendez, Jean Marco"]
[WhiteFideId "22245561"]
[BlackFideId "3526402"]
[WhiteElo "2338"]
[BlackElo "2270"]
[Result "1-0"]
[Round "11"]
[TimeControl "180+2"]
[Date "2023.01.03"]
[WhiteClock "0:00:09"]
[BlackClock "0:00:02"]

1. Nf3 d5 2. g3 g6 3. Bg2 Bg7 4. d4 Nf6 5. O-O O-O 6. c4 c6 7. Qb3 Qb6 8. Nc3 Rd8 9. Bf4 Na6 10. c5 Qb4 11. Qxb4 Nxb4 12. a3 Na6 13. b4 b6 14. b5 cxb5 15. c6 b4 16. Nb5 Ne8 17. axb4 h6 18. h4 f6 19. c7 Rd7 20. Bh3 f5 21. Rfc1 Kf7 22. Be5 Bf6 23. h5 Nd6 24. hxg6+ Kxg6 25. Bxd6 exd6 26. Nh4+ Bxh4 27. gxh4 Kf6 28. Ra3 Bb7 29. Rf3 Rg7+ 30. Kh2 Nxb4 31. Nxd6 Bc8 32. Nxc8 Rxc8 33. Rxf5+ Kg6 34. h5+ Kh7 35. Rf7 Rxf7 36. Bxc8 Rxf2+ 37. Kg3 Rxe2 38. Bf5+ Kg7 39. c8=Q Re7 40. Rc6 1-0


[Site "https://www.chess.com"]

[Event "Titled Tuesday Blitz January 03 Late 2023"]
[White "benny_aizenberg"]
[Black "Bjelobrk, Igor"]
[BlackFideId "4300726"]
[WhiteElo "2507"]
[BlackElo "2403"]
[Result "0-1"]
[Round "11"]
[TimeControl "180+2"]
[Date "2023.01.03"]
[WhiteClock "0:00:03"]
[BlackClock "0:00:05"]

1. e4 e5 2. Nf3 Nc6 3. d4 exd4 4. Nxd4 Nf6 5. Nxc6 bxc6 6. e5 Qe7 7. Qe2 Nd5 8. h4 Qe6 9. c4 Nb6 10. Nd2 Bb4 11. b3 Bc3 12. Rb1 Qxe5 13. Qxe5+ Bxe5 14. Nf3 Bc3+ 15. Bd2 Bxd2+ 16. Kxd2 O-O 17. Bd3 d6 18. Nd4 Bb7 19. Nf5 Rfe8 20. c5 dxc5 21. Rbc1 Rad8 22. Rxc5 Ba6 23. Rh3 Nd7 24. Rxc6 Bxd3 25. Rxd3 Ne5 26. Rc3 Nxd3 27. Rxd3 Rxd3+ 28. Kxd3 Kf8 29. Nd4 Ke7 30. a4 Kd7 31. b4 Re1 32. Kc4 Rf1 33. f3 Rf2 34. g4 g6 35. b5 Rh2 36. Nc6 Rxh4 37. Nxa7 h5 38. a5 hxg4 39. fxg4 Rxg4+ 40. Kb3 Kd6 41. Nc6 Kc5 42. a6 Kb6 43. Ne5 Rf4 44. Nc4+ Ka7 45. Kc3 g5 46. Kd3 f5 47. Ne3 g4 48. Nd5 Ra4 49. Nxc7 Kb6 50. Ne8 f4 51. Nd6 Ra3+ 52. Ke4 g3 53. Nc4+ Kc5 54. Nxa3 g2 55. Kxf4 g1=Q 56. Ke4 Qg2+ 57. Kf5 Qf3+ 58. Ke6 Qxa3 59. Kd7 Kxb5 60. Kc7 Qxa6 0-1


[Site "https://www.chess.com"]

[Event "Titled Tuesday Blitz January 03 Late 2023"]
[White "Goncalves, Davi Sulzbacher"]
[Black "Abrahamyan, Tatev"]
[WhiteFideId "2154510"]
[BlackFideId "13301918"]
[WhiteElo "2282"]
[BlackElo "2294"]
[Result "0-1"]
[Round "11"]
[TimeControl "180+2"]
[Date "2023.01.03"]
[WhiteClock "0:00:01"]
[BlackClock "0:00:44"]

1. Nf3 Nf6 2. g3 b6 3. Bg2 Bb7 4. O-O e6 5. c4 Be7 6. Nc3 O-O 7. d3 c5 8. e4 d6 9. Be3 Nbd7 10. Nd2 Qc7 11. f4 a6 12. g4 Bc6 13. g5 Ne8 14. Rf3 f5 15. Rh3 g6 16. Qe1 b5 17. Nd5 exd5 18. cxd5 Bb7 19. Qh4 Rf7 20. exf5 gxf5 21. Qh5 Nf8 22. Ne4 fxe4 23. dxe4 Bc8 24. f5 Ng7 25. Qh6 Bxf5 26. Rf1 Bg6 27. Rxf7 Kxf7 28. Rf3+ Kg8 29. Bd2 Nd7 30. Bc3 Ne5 31. Rf6 Bxf6 32. gxf6 Rf8 0-1


[Site "https://www.chess.com"]

[Event "Titled Tuesday Blitz January 03 Late 2023"]
[White "Sos Andreu, Eric"]
[Black "Vlassov, Nikolai"]
[WhiteFideId "22247017"]
[BlackFideId "4103360"]
[WhiteElo "2352"]
[BlackElo "2283"]
[Result "1-0"]
[Round "11"]
[TimeControl "180+2"]
[Date "2023.01.03"]
[WhiteClock "0:00:31"]
[BlackClock "0:00:01"]

1. d4 Nf6 2. c4 Nc6 3. Nf3 e6 4. g3 Bb4+ 5. Bd2 a5 6. Bg2 d6 7. O-O e5 8. d5 Nb8 9. Nc3 O-O 10. Ne1 Bf5 11. Nc2 Bc5 12. e4 Bg4 13. Qc1 c6 14. Be3 Na6 15. Bxc5 Nxc5 16. f3 Bd7 17. Qe3 cxd5 18. cxd5 b5 19. a3 Qb8 20. b4 Nb3 21. Rab1 a4 22. Ne2 Rc8 23. Na1 Nxa1 24. Rxa1 Qa7 25. Kf2 Kf8 26. Rfc1 Ke7 27. Qxa7 Rxa7 28. Rxc8 Bxc8 29. Rc1 Kd8 30. Ke3 Rc7 31. Rxc7 Kxc7 32. Nc3 Kb6 33. Bf1 Bd7 34. Be2 g5 35. f4 gxf4+ 36. gxf4 h6 37. Nb1 Bg4 38. Bf1 Bd1 39. h3 Bc2 40. Nc3 exf4+ 41. Kxf4 Nh5+ 42. Ke3 Ng3 43. Bxb5 Nxe4 44. Nxe4 Bxe4 45. Bc4 Bc2 46. Kd4 Bd1 47. h4 Bc2 48. Be2 Bb3 49. Bh5 f6 50. Bg6 Bd1 51. Be4 1-0


[Site "https://www.chess.com"]

[Event "Titled Tuesday Blitz January 03 Late 2023"]
[White "Strahov, Andrej"]
[Black "Di Berardino, Diego Rafael"]
[WhiteFideId "4165489"]
[BlackFideId "2105446"]
[WhiteElo "2398"]
[BlackElo "2479"]
[Result "0-1"]
[Round "11"]
[TimeControl "180+2"]
[Date "2023.01.03"]
[WhiteClock "0:00:13"]
[BlackClock "0:00:05"]

1. d4 Nf6 2. Nc3 e6 3. e4 d5 4. e5 Nfd7 5. f4 c5 6. Nf3 Nc6 7. Be3 Be7 8. a3 O-O 9. Qd2 Qa5 10. h4 a6 11. h5 b5 12. dxc5 Nxc5 13. b4 Nxb4 14. axb4 Qxa1+ 15. Kf2 Qxc3 16. bxc5 Qxd2+ 17. Nxd2 Bd7 18. Bd3 Rfc8 19. Nb3 a5 20. g4 a4 21. Nd4 Bxc5 22. g5 a3 23. g6 fxg6 24. hxg6 h6 25. f5 exf5 26. e6 Bxd4 27. Bxd4 Bxe6 28. Re1 Ra4 29. Ba1 Re4 30. Rb1 b4 31. Bxe4 fxe4 32. Rxb4 Rxc2+ 33. Ke3 Rc8 34. Rb7 Rc1 35. Rxg7+ Kf8 36. Bf6 Rf1 37. Be5 Rg1 38. Ra7 Rxg6 39. Rxa3 Rg5 40. Kd4 Kf7 41. Ra7+ Kg6 42. Ra6 Kf5 43. Ra7 h5 44. Ra8 Kg4 45. Rf8 Bf5 46. Bf6 Rg6 47. Ke5 h4 48. Rh8 h3 49. Rh4+ Kg3 50. Rh5 Bg4 51. Rh8 Rxf6 52. Kxf6 e3 53. Ke5 e2 54. Kxd5 e1=Q 55. Rxh3+ Bxh3 0-1


[Site "https://www.chess.com"]

[Event "Titled Tuesday Blitz January 03 Late 2023"]
[White "Ozer, Omer Faruk"]
[Black "Ansh M Shah"]
[WhiteFideId "6354564"]
[BlackFideId "25033379"]
[WhiteElo "2360"]
[BlackElo "2171"]
[Result "1-0"]
[Round "11"]
[TimeControl "180+2"]
[Date "2023.01.03"]
[WhiteClock "0:00:48"]
[BlackClock "0:00:11"]

1. d4 Nf6 2. c4 e6 3. Nc3 d5 4. Nf3 Be7 5. Bg5 O-O 6. e3 c6 7. Rc1 Nbd7 8. Be2 dxc4 9. Bxc4 b5 10. Bd3 Bb7 11. O-O a6 12. e4 c5 13. e5 Nd5 14. Bxe7 Nxe7 15. Qe2 Bxf3 16. Qxf3 cxd4 17. Ne2 Nxe5 18. Bxh7+ Kxh7 19. Qh5+ Kg8 20. Qxe5 d3 21. Nf4 Rc8 22. Rxc8 Qxc8 23. Nh5 Nf5 24. g4 f6 25. Qe4 Nh4 26. Qxd3 Qc6 27. f3 Rc8 28. Nf4 e5 29. Nd5 Qc5+ 30. Kh1 Rd8 31. Nxf6+ gxf6 32. Qxd8+ Kf7 33. Rd1 Qc4 34. g5 Qe2 35. Qxf6+ Kg8 36. Rd8+ Kh7 37. Qh6# 1-0


[Site "https://www.chess.com"]

[Event "Titled Tuesday Blitz January 03 Late 2023"]
[White "Zeynalli, Rashad"]
[Black "Chernov, Mikhail"]
[WhiteFideId "13403320"]
[BlackFideId "24143170"]
[WhiteElo "2200"]
[BlackElo "2205"]
[Result "1-0"]
[Round "11"]
[TimeControl "180+2"]
[Date "2023.01.03"]
[WhiteClock "0:01:37"]
[BlackClock "0:00:04"]

1. e4 c5 2. Nf3 Nc6 3. Bb5 g6 4. O-O Bg7 5. Re1 e5 6. c3 Nge7 7. d4 exd4 8. cxd4 cxd4 9. Bf4 a6 10. Ba4 O-O 11. Bd6 b5 12. Bb3 Bb7 13. Nbd2 h6 14. Rc1 Kh7 15. a3 Rc8 16. Ba2 Qb6 17. Nb3 Ba8 18. Nc5 Qa7 19. h4 Rce8 20. h5 g5 21. Qd3 Kh8 22. b4 f5 23. exf5 Rxf5 24. Bxe7 Rxf3 25. Qxf3 Nxe7 26. Qf7 Qb8 27. Rxe7 Rxe7 28. Qxe7 Qf4 29. Qe8+ Bf8 30. Re1 1-0


[Site "https://www.chess.com"]

[Event "Titled Tuesday Blitz January 03 Late 2023"]
[White "Alikhanov, Felix"]
[Black "Pein, Jonathan"]
[WhiteFideId "4157427"]
[BlackFideId "417092"]
[WhiteElo "2434"]
[BlackElo "2265"]
[Result "1-0"]
[Round "11"]
[TimeControl "180+2"]
[Date "2023.01.03"]
[WhiteClock "0:01:27"]
[BlackClock "0:00:04"]

1. e4 e5 2. Nf3 d6 3. d4 exd4 4. Nxd4 Nf6 5. Nc3 g6 6. Bc4 Bg7 7. Be3 O-O 8. f3 a6 9. a4 Nc6 10. Qd2 Re8 11. h4 Bd7 12. O-O-O Nxd4 13. Bxd4 b5 14. Ba2 bxa4 15. h5 a3 16. hxg6 axb2+ 17. Kb1 hxg6 18. g4 c5 19. Bxf6 Qxf6 20. Nd5 Qe5 21. g5 Be6 22. Qg2 Rab8 23. f4 Bxd5 24. fxe5 Bxa2+ 25. Kxa2 Bxe5 26. Qh3 c4 27. Qh7+ Kf8 28. Rhf1 Re7 29. Qxg6 Rb5 30. c3 Ra5+ 31. Kxb2 Rb7+ 32. Kc2 Ra2+ 33. Kc1 Ra1+ 34. Kd2 Rxd1+ 35. Kxd1 Rb1+ 36. Ke2 Rxf1 37. Qh6+ Bg7 38. Qxd6+ Kg8 39. Kxf1 Bxc3 40. e5 a5 41. e6 fxe6 42. Qxe6+ Kg7 43. g6 Bb4 44. Qf7+ 1-0


[Site "https://www.chess.com"]

[Event "Titled Tuesday Blitz January 03 Late 2023"]
[White "Pakleza, Zbigniew"]
[Black "Senthil, Maran K"]
[WhiteFideId "1119290"]
[BlackFideId "25035681"]
[WhiteElo "2494"]
[BlackElo "2209"]
[Result "1-0"]
[Round "11"]
[TimeControl "180+2"]
[Date "2023.01.03"]
[WhiteClock "0:00:03"]
[BlackClock "0:00:03"]

1. Nf3 d5 2. c4 e6 3. g3 dxc4 4. Qa4+ c6 5. Qxc4 b5 6. Qc2 Bb7 7. Bg2 c5 8. O-O Nd7 9. a4 a6 10. Rd1 Ngf6 11. d3 Be7 12. Nc3 Qb6 13. Be3 O-O 14. b4 Ng4 15. Bxc5 Nxc5 16. bxc5 Bxc5 17. d4 Be7 18. axb5 axb5 19. Rab1 Rfc8 20. Qd3 b4 21. Ne4 Ba6 22. Qd2 Bc4 23. h3 Nf6 24. Ne5 Nxe4 25. Bxe4 Rab8 26. Nd7 Qa7 27. Nxb8 Rxb8 28. Bxh7+ Kf8 29. Bd3 Bd5 30. e4 Bc6 31. Qe3 Rd8 32. Bc4 Bf6 33. d5 Qxe3 34. fxe3 exd5 35. exd5 Ba4 36. Rd2 Bc3 37. Rf2 f6 38. e4 Ke7 39. Kg2 Kd6 40. Bb3 Bb5 41. g4 Ra8 42. h4 Ra3 43. g5 Kc5 44. Bd1 Ra6 45. Bf3 Bc4 46. Rd1 b3 47. gxf6 gxf6 48. d6 Rxd6 49. Rxd6 Kxd6 50. h5 b2 51. e5+ fxe5 52. Be4 Ba2 53. Rf1 Bd5 54. Bxd5 Kxd5 55. Rd1+ Kc4 56. Kf3 Bd2 57. Rb1 Kc3 58. Ke4 Bf4 59. h6 Bxh6 60. Rxb2 Bg7 61. Rb6 Kc4 62. Rb7 Bf6 63. Rc7+ Kb5 64. Kd5 Kb4 65. Rc6 Bg7 66. Rg6 Bh8 67. Ke4 Kc4 68. Rg8 Bf6 69. Re8 Kc5 70. Re6 Bg7 71. Kf5 Kd5 72. Re7 Bf8 73. Rd7+ Bd6 74. Rd8 Kc6 75. Ke6 Bc7 76. Rd1 Kc5 77. Rc1+ Kb6 78. Kd5 Bb8 79. Rb1+ Kc7 80. Kxe5 Ba7 81. Kd5 Bb6 82. Kc4 Kb7 83. Kb5 Bc7 84. Kc5+ Ka8 85. Kc6 Bb8 86. Kb6 Ba7+ 87. Ka6 Bb8 88. Rb3 Bc7 89. Rd3 Bb8 90. Rd7 Be5 91. Kb6 Bb8 92. Kc6 Ba7 93. Rd1 Bb8 94. Ra1+ Ba7 95. Ra2 Kb8 96. Kd7 Kb7 97. Rd2 Bb6 98. Kd6 Ka8 99. Rb2 Ba7 100. Kc6 Bb8 101. Rb3 Ba7 102. Kc7 Bd4 103. Rb4 Ba7 104. Rb5 Bd4 105. Kc6 Ba7 106. Rf5 Be3 107. Rf8+ Ka7 108. Rf3 Bd4 109. Rd3 Bf2 110. Ra3+ Kb8 111. Ra4 Be3 112. Ra2 Bd4 113. Kd5 Bg1 114. Rg2 Be3 115. Kc6 Bd4 116. Rg8+ Ka7 117. Rd8 Be3 118. Rd3 Bf2 119. Rd2 Bg1 120. Kc7 Be3 121. Ra2# 1-0


[Site "https://www.chess.com"]

[Event "Titled Tuesday Blitz January 03 Late 2023"]
[White "Adewumi, Tanitoluwa"]
[Black "Shuvalova, Polina"]
[WhiteFideId "30966396"]
[BlackFideId "24171760"]
[WhiteElo "2283"]
[BlackElo "2484"]
[Result "0-1"]
[Round "11"]
[TimeControl "180+2"]
[Date "2023.01.03"]
[WhiteClock "0:00:01"]
[BlackClock "0:00:26"]

1. e4 e5 2. Nf3 Nc6 3. Nc3 Nf6 4. Bb5 Bd6 5. Bxc6 dxc6 6. O-O O-O 7. d3 c5 8. b3 Re8 9. Bb2 Nd7 10. Ne2 Nf8 11. Ng3 f6 12. Nd2 Ne6 13. Nf5 Nd4 14. Nxd6 cxd6 15. f4 b6 16. Kh1 Bb7 17. fxe5 dxe5 18. Qh5 Nxc2 19. Rac1 Qxd3 20. Nc4 Qxe4 21. Rf2 Ne3 22. Nd6 Qc6 23. Qf7+ Kh8 24. Nxe8 Rxe8 25. Rg1 Rg8 26. h3 Qe4 27. Bc1 Bd5 28. Qe7 Nf5 29. Qd7 Ng3+ 30. Kh2 Nh5 31. Rgf1 Nf4 32. Bxf4 exf4 33. Qg4 g5 34. Qd7 h5 35. Qxa7 g4 36. Qxb6 g3+ 37. Kh1 gxf2 38. Qxf6+ Kh7 39. Rxf2 Rxg2 40. Qf7+ 0-1


[Site "https://www.chess.com"]

[Event "Titled Tuesday Blitz January 03 Late 2023"]
[White "Papp, Levente"]
[Black "Suvorov, Luca"]
[WhiteFideId "751243"]
[BlackFideId "12977071"]
[WhiteElo "2353"]
[BlackElo "2310"]
[Result "0-1"]
[Round "11"]
[TimeControl "180+2"]
[Date "2023.01.03"]
[WhiteClock "0:00:02"]
[BlackClock "0:00:06"]

1. c4 e5 2. g3 Nc6 3. Bg2 Bc5 4. Nc3 d6 5. e3 a6 6. Nge2 Ba7 7. O-O Nge7 8. d4 exd4 9. exd4 h5 10. h3 Nf5 11. d5 Ne5 12. Kh1 Nxc4 13. Qa4+ b5 14. Nxb5 axb5 15. Qxb5+ Qd7 16. Qxc4 O-O 17. Qf4 Bb6 18. Nc3 Re8 19. Bd2 Ba6 20. Rfe1 Ne7 21. Qg5 Bxf2 22. Ne4 Bd4 23. Qxh5 Qf5 24. Ng5 Qg6 25. Qg4 Bxb2 26. Rab1 Be5 27. h4 Bd3 28. h5 Qf5 29. Qh4 Bxb1 30. h6 gxh6 31. Qxh6 Qg6 32. Qh3 Bf5 33. g4 Bd7 34. Be4 f5 35. gxf5 Bxf5 36. Bxf5 Qxf5 37. Qg2 Ng6 38. Rf1 Qd3 39. Ne4 Kg7 40. Bh6+ Kh7 41. Ng5+ Kxh6 42. Ne6 Rxe6 43. dxe6 Kg7 44. Qxa8 Qh3+ 45. Kg1 Qh2# 0-1


[Site "https://www.chess.com"]

[Event "Titled Tuesday Blitz January 03 Late 2023"]
[White "Ballester Llagaria, Luis Eduardo"]
[Black "Stachanczyk, Jacek"]
[WhiteFideId "2297620"]
[BlackFideId "1116657"]
[WhiteElo "2298"]
[BlackElo "2147"]
[Result "1-0"]
[Round "11"]
[TimeControl "180+2"]
[Date "2023.01.03"]
[WhiteClock "0:00:11"]
[BlackClock "0:00:25"]

1. e4 c5 2. Nc3 Nc6 3. Bb5 Nd4 4. Nf3 a6 5. Bd3 g6 6. O-O Bg7 7. Nxd4 cxd4 8. Ne2 d5 9. Ng3 h5 10. Re1 h4 11. Nf1 Nf6 12. e5 Ng4 13. f4 h3 14. g3 Qb6 15. a4 Qa7 16. e6 f5 17. a5 b5 18. axb6 Qxb6 19. Qe2 a5 20. b3 Ba6 21. Ba3 Bxd3 22. Qxd3 Ra6 23. Bb2 O-O 24. Ra4 Rc8 25. Ba3 Rc7 26. Bb2 Qa7 27. Rea1 Qc5 28. Rc1 Qa7 29. Bxd4 Bxd4+ 30. Qxd4 Qxd4+ 31. Rxd4 Rxe6 32. Rxd5 Re2 33. Ne3 Rxd2 34. Rxd2 Nxe3 35. Re2 Ng4 36. c4 Kf7 37. c5 Rc6 38. Ra2 Nf6 39. Rxa5 Ne4 40. b4 Rc8 41. c6 Nf6 42. b5 Nd5 43. Ra2 e6 44. Rd2 Ke7 45. Rxd5 exd5 46. b6 Kd6 47. c7 Kd7 48. Kf2 d4 49. Ke2 d3+ 50. Kxd3 Kd6 51. Kd4 Kd7 52. b7 Rf8 53. c8=Q+ Rxc8 54. bxc8=Q+ Ke7 55. Ke5 1-0


[Site "https://www.chess.com"]

[Event "Titled Tuesday Blitz January 03 Late 2023"]
[White "Vovk, Orest"]
[Black "Fishbein, Alexander"]
[WhiteFideId "14113490"]
[BlackFideId "2000377"]
[WhiteElo "2315"]
[BlackElo "2366"]
[Result "1-0"]
[Round "11"]
[TimeControl "180+2"]
[Date "2023.01.03"]
[WhiteClock "0:00:11"]
[BlackClock "0:00:42"]

1. h4 e5 2. h5 h6 3. Nc3 d5 4. e4 d4 5. Nce2 Nf6 6. Ng3 Be6 7. Nf3 Bd6 8. Nh4 c5 9. Nhf5 Kf8 10. d3 Nc6 11. c4 dxc3 12. bxc3 c4 13. dxc4 Bc5 14. Be3 Bxe3 15. Qxd8+ Rxd8 16. Nxe3 Na5 17. Nd5 b6 18. Rb1 Nd7 19. Be2 Nc5 20. O-O f6 21. Rfd1 Kf7 22. f3 Na4 23. Rdc1 Rc8 24. Rb4 Nc5 25. Nf5 Rhd8 26. Kf2 Na6 27. Ra4 Kf8 28. Rb1 Bd7 29. Ra3 Nc5 30. Nd6 Rb8 31. Nb5 Bxb5 32. cxb5 Rbc8 33. c4 Ncb7 34. Rb4 Rc5 35. g3 Nd6 36. Ne3 Rdc8 37. Raa4 1-0


[Site "https://www.chess.com"]

[Event "Titled Tuesday Blitz January 03 Late 2023"]
[White "Kleiman, Jake"]
[Black "Fernandez, Maria Florencia"]
[WhiteFideId "2020041"]
[BlackFideId "116459"]
[WhiteElo "2399"]
[BlackElo "2129"]
[Result "1-0"]
[Round "11"]
[TimeControl "180+2"]
[Date "2023.01.03"]
[WhiteClock "0:00:06"]
[BlackClock "0:00:01"]

1. e4 d6 2. d4 Nf6 3. Nc3 g6 4. Nf3 Bg7 5. h3 O-O 6. Be3 c6 7. a4 a5 8. Be2 Na6 9. O-O Nb4 10. Re1 Qc7 11. Nd2 e5 12. dxe5 dxe5 13. Nc4 Be6 14. Qc1 Rfe8 15. Rd1 Red8 16. Rxd8+ Qxd8 17. Bc5 Nd7 18. Bd6 Bxc4 19. Bxc4 Nb6 20. Bxf7+ Kxf7 21. Bc5 Nc4 22. Qf1 Nd2 23. Qe2 Nxc2 24. Rd1 Bh6 25. Nb1 b6 26. Nxd2 bxc5 27. Qc4+ Kg7 28. Qxc2 Qd4 29. Nf3 Qb4 30. Rd7+ Kg8 31. b3 Rf8 32. Qc4+ Qxc4 33. bxc4 Bg7 34. Kf1 Rb8 35. Ra7 Rb4 36. Ra8+ Kf7 37. Ra7+ Kf6 38. Rxa5 Rxc4 39. g4 h6 40. Ra6 Kf7 41. Rxc6 Rxa4 42. Nd2 Rd4 43. Ke2 h5 44. Rxc5 1-0


[Site "https://www.chess.com"]

[Event "Titled Tuesday Blitz January 03 Late 2023"]
[White "Hoffmann, Asa"]
[Black "Bayo Milagro, Alvaro"]
[WhiteFideId "2001470"]
[BlackFideId "22275240"]
[WhiteElo "2185"]
[BlackElo "2287"]
[Result "0-1"]
[Round "11"]
[TimeControl "180+2"]
[Date "2023.01.03"]
[WhiteClock "0:00:06"]
[BlackClock "0:00:14"]

1. d4 Nf6 2. Bg5 g6 3. Nc3 d5 4. f3 Bg7 5. e4 dxe4 6. fxe4 c5 7. d5 O-O 8. Nf3 h6 9. Bf4 Nbd7 10. Qd2 Kh7 11. O-O-O Ng4 12. h4 Qa5 13. Kb1 Bxc3 14. bxc3 Nb6 15. c4 Qa3 16. Qc1 Qa4 17. h5 Qb4+ 18. Ka1 Qc3+ 19. Kb1 g5 20. Bd2 Qf6 21. Be1 e6 22. Bd3 exd5 23. exd5+ Bf5 24. Rf1 Bxd3 25. Rxd3 Nxc4 26. Bc3 Qf4 27. Qxf4 gxf4 28. Nh4 Nce5 29. Rd2 Nc4 30. Re2 Rae8 31. Rxe8 Rxe8 32. Rxf4 Nce5 33. Re4 f6 34. Nf5 Rd8 35. d6 Kg8 36. Kb2 Kf7 37. Kb3 Ke6 38. a4 Kxf5 39. Re1 Rxd6 40. Rf1+ Ke6 41. Bb2 Ne3 42. Rf3 Nxf3 43. gxf3 Rb6+ 44. Ka2 Nxc2 45. Bc3 Nd4 46. f4 Kd5 47. f5 Rb3 48. Bb2 Rxb2+ 49. Kxb2 Nxf5 50. Kc3 Nd4 51. Kd3 f5 52. Ke3 b6 53. Kf4 a6 54. Ke3 b5 0-1


[Site "https://www.chess.com"]

[Event "Titled Tuesday Blitz January 03 Late 2023"]
[White "AidenRchess"]
[Black "Leenhouts, Koen"]
[BlackFideId "1008439"]
[WhiteElo "2398"]
[BlackElo "2447"]
[Result "0-1"]
[Round "11"]
[TimeControl "180+2"]
[Date "2023.01.03"]
[WhiteClock "0:00:18"]
[BlackClock "0:00:13"]

1. e4 c5 2. Nf3 e6 3. d4 cxd4 4. Nxd4 Nc6 5. Nc3 Qc7 6. g3 a6 7. Bg2 Nf6 8. O-O Nxd4 9. Qxd4 Bc5 10. Bf4 d6 11. Qd3 h6 12. Rad1 e5 13. Be3 Bxe3 14. Qxe3 Be6 15. Nd5 Bxd5 16. exd5 O-O 17. c3 b5 18. h3 Rfe8 19. Qd2 Rab8 20. f4 Nd7 21. f5 b4 22. f6 Nxf6 23. Rxf6 gxf6 24. Qxh6 bxc3 25. Be4 f5 26. Qg5+ Kf8 27. Qh6+ Ke7 28. Bxf5 Rg8 29. Qh4+ Ke8 30. Qh7 Rxg3+ 31. Kh2 Rg5 32. h4 Rxb2+ 33. Kh3 Rxf5 34. Qxf5 Qd7 35. Qxd7+ Kxd7 36. Rc1 c2 37. Kg2 e4 38. h5 Ke7 39. Kf1 Kf6 40. Ke2 Kg5 41. Rxc2 Rxc2+ 42. Ke3 Rc5 43. Kxe4 Kxh5 44. Kd4 Kg6 45. a4 Ra5 46. Kc4 Rxa4+ 47. Kb3 Ra5 48. Kc3 Rc5+ 49. Kd3 a5 50. Ke4 a4 51. Kd4 a3 52. Ke3 a2 53. Kf4 a1=Q 54. Kg3 Qe5+ 55. Kf2 Rc4 56. Kf3 Qc3+ 57. Kg2 Rb4 58. Kf1 Rb2 59. Kg1 Qc1# 0-1


[Site "https://www.chess.com"]